 Dungeon Crawl Stone Soup version 0.25.1-2-g60ff931df9 (webtiles) character file.

Game seed: 15696763837077537739

67 gruber the Stinger (level 3, 0/24 HPs)
             Began as a Demonspawn Venom Mage on Sept 21, 2020.
             Succumbed to an adder's poison
             ... on level 1 of the Dungeon.
             The game lasted 00:02:56 (2916 turns).

gruber the Stinger (Demonspawn Venom Mage)          Turns: 2916, Time: 00:02:56

Health: 0/24       AC:  2    Str:  8    XL:     3   Next: 98%
Magic:  1/6        EV: 12    Int: 17    God:
Gold:   70         SH:  0    Dex: 13    Spells: 2/6 levels left

rFire    . . .     SeeInvis .   (no weapon)
rCold    . . .     Gourm    .   (no shield)
rNeg     . . .     Faith    .   g - +0 robe (curse)
rPois    .         Spirit   .   (no helmet)
rElec    .         Reflect  .   (no cloak)
rCorr    .         Harm     .   (no gloves)
MR       .....                  (no boots)
Stlth    ++........             d - amulet of regeneration
HPRegen  0.48/turn              (no ring)
MPRegen  0.10/turn              (no ring)

@: lethally poisoned (0 -> -2)
A: talons 1
a: no special abilities


You were on level 1 of the Dungeon.
You were not hungry.

You visited 1 branch of the dungeon, and saw 2 of its levels.

You collected 70 gold pieces.

Inventory:

Armour
 g - a cursed +0 robe (worn)
Jewellery
 d - an amulet of regeneration (around neck)
Scrolls
 a - a scroll of remove curse {unknown}
 b - 3 scrolls of teleportation {unknown}
Potions
 e - a potion of curing {unknown}
Comestibles
 c - 3 rations
 f - a chunk of flesh


   Skills:
 - Level 1.7 Dodging
 - Level 1.7 Stealth
 - Level 2.0 Spellcasting
 - Level 0.8 Transmutations
 + Level 4.9 Poison Magic


You had 2 spell levels left.
You knew the following spells:

 Your Spells              Type           Power        Failure   Level  Hunger
a - Sting                 Tmut/Pois      ##..         6%          1    #......
b - Mephitic Cloud        Conj/Pois/Air  #.......     30%         3    ###....

Your spell library contained the following spells:

 Spells                   Type           Power        Failure   Level  Hunger
 Poisonous Vapours        Pois/Air       ##....       11%         2    ###....
 Ignite Poison            Fire/Tmut/Pois #.......     26%         3    ###....
 Olgreb's Toxic Radiance  Pois           ###.....     26%         4    #####..


Dungeon Overview and Level Annotations

Branches:
Dungeon (2/15)

Altars:


Innate Abilities, Weirdness & Mutations

You have sharp toenails.


Message History

You feel sick.
Casting: Sting (safe; 6% risk of failure)
Confirm with . or Enter, or press ? or * to list all spells.
Aiming: Sting (safe; 6% risk of failure)
Press: ? - help, Shift-Dir - straight line, f/p - adder
Aim: an adder (moderately wounded, poisoned)
The sting misses the adder.
The adder looks more healthy.
The adder bites you.
Unknown command.
Unknown command.
You feel sick. The adder bites you.
* * * LOW HITPOINT WARNING * * *
You are more poisoned.
The adder poisons you!
You feel sick.
You feel sick.
You feel sick. The adder bites you.
* * * LOW HITPOINT WARNING * * *
* * * LOW HITPOINT WARNING * * *
You feel sick.
You die...

#######...........
##.................
#..................
#..######.##.......
#..# #.##.######
#..# #.##.#...'<
#.S# #.##.#.#.#.
#..# #.##.#.#.#.
#.@# #.##.#.#.#.
#..# #....#.#.#.
#..###########.#.#.
#............#.#.#.
#.##########.#.#(#.
#............#.#.#.
###########..#.#.#.
#..#.#.#. #..#.#.#.


You could see an adder.

Vanquished Creatures
  An adder (D:1)
  An ooze (D:1)
  2 worms (D:2)
  A dart slug (D:2)
  A leopard gecko (D:2)
  A ball python (D:1)
  A giant cockroach (D:2)
  5 goblins (D:1)
  5 hobgoblins
  3 jackals
  7 kobolds
  2 quokkas (D:2)
  7 bats
  2 frilled lizards
  2 rats (D:2)
41 creatures vanquished.

Notes
Turn   | Place    | Note
-------+----------+-------------------------------------------
     0 | D:1      | gruber the Demonspawn Venom Mage began the quest for the
                  | Orb.
     0 | D:1      | Reached XP level 1. HP: 13/13 MP: 3/3
   431 | D:1      | Gained mutation: You have sharp toenails. [demonic
                  | ancestry]
   431 | D:1      | Reached XP level 2. HP: 19/19 MP: 3/5
  1026 | D:1      | Reached skill level 4 in Poison Magic
  1878 | D:2      | Reached XP level 3. HP: 14/24 MP: 2/6
  2243 | D:1      | Learned a level 3 spell: Mephitic Cloud
  2280 | D:1      | HP: 1/24 [poisoned by an adder]
  2914 | D:1      | HP: 1/24 [adder (3)]
  2916 | D:1      | Succumbed to an adder's poison

Illustrated notes

Levels and vault maps discovered:
D:1:      wheals_arrival_linesprint, layout_basic
D:2:      layout_rooms, minmay_misc_feat_ornament

Skill      XL: |  1  2 |
---------------+-------+-----
Poison Magic   | 4 |  4.9
Dodging        | |  1.7
Stealth        | |  1.7
Spellcasting   | |  2.0
Transmutations | |  0.8

Action                   || total
-------------------------++-------
Melee: Unarmed           ||    33
       Kick              ||     9
 Cast: Sting             ||    82
  Use: Potion            ||     2
  Eat: Chunk             ||     7
Armor: Robe              ||    20
Dodge: Dodged            ||    75
